 Dungeon Crawl Stone Soup version 0.17.0-28-g6e173f8 (webtiles) character file.

842 septik the Cudgeler (level 7, 0/61 HPs)
             Began as a Deep Dwarf Fighter on Nov 25, 2015.
             Was a Follower of Makhleb.
             Slain by a scorpion zombie (4 damage)
             ... in an ossuary.
             The game lasted 00:10:11 (3293 turns).

septik the Cudgeler (Deep Dwarf Fighter)            Turns: 3293, Time: 00:10:11

Health: 0/61       AC:  7    Str: 21    XL:     7   Next: 67%
Magic:  5/5        EV:  8    Int:  9    God:    Makhleb [*.....]
Gold:   25         SH:  9    Dex: 12    Spells: 0 memorised, 6 levels left

rFire  . . .     SeeInvis +     x - +2 whip (vamp)
rCold  . . .     Clarity  .     o - +2 leather armour {MR+}
rNeg   . . .     SustAt   .     c - +0 shield
rPois  .         Gourm    .     G - +1 helmet {SInv}
rElec  .         Spirit   .     (no cloak)
rCorr  .         Warding  .     (no gloves)
rMut   .         Stasis   .     (no boots)
MR     ++...                    (no amulet)
Stlth  +.........               (no ring)
                                (no ring)

@: non-regenerating, very resistant to hostile enchantments, very unstealthy
A: damage resistance, recharge devices, sense surroundings 1, slow regeneration
3
a: Device Recharging, Renounce Religion


You were in an ossuary.
You worshipped Makhleb.
Makhleb was aware of your devotion.
You were near starving.

You visited 2 branches of the dungeon, and saw 5 of its levels.
You also visited: Ossuary.

You collected 151 gold pieces.
You spent 126 gold pieces at shops.

Inventory:

Hand Weapons
 a - a +0 war axe
 i - a +0 spear of flaming
 r - a +0 broad axe
 x - a +2 vampiric whip (weapon)
 y - a +0 hunting sling of evasion
Missiles
 k - 90 stones (quivered)
 w - a throwing net
Armour
 b - a +0 scale mail
 c - a +0 shield (worn)
 o - a +2 leather armour of magic resistance (worn)
 G - a +1 helmet of see invisible (worn)
Jewellery
 F - an uncursed amulet of resist corrosion {unknown}
 J - an uncursed ring of protection from cold {unknown}
Wands
 e - a wand of heal wounds (2)
Scrolls
 h - 3 scrolls of identify {unknown}
 l - a scroll of fog {unknown}
 n - 5 scrolls of remove curse {unknown}
 p - a scroll of enchant weapon {unknown}
 u - 2 scrolls of recharging {unknown}
 v - a scroll of amnesia {unknown}
 z - 2 scrolls of blinking {unknown}
 C - a scroll of fear {unknown}
 K - a scroll of magic mapping {unknown}
Potions
 d - a potion of might
 g - 2 potions of flight {unknown}
 m - a potion of curing {unknown}
 q - a potion of invisibility {unknown}
 t - 4 potions of haste {unknown}
 B - a potion of cure mutation {unknown}
 D - 2 potions of poison {unknown}
 H - a potion of brilliance {unknown}
 I - a potion of ambrosia {unknown}
Books
 E - a book of Power

   Spells                             Type                      Level
   a - Fulminant Prism                Conjuration/Hexes            4
   b - Iskenderun's Mystic Blast      Conjuration                  4
   c - Venom Bolt                     Conjuration/Poison           5
   d - Bolt of Magma                  Conjuration/Fire/Earth       5
   e - Iron Shot                      Conjuration/Earth            6
   f - Orb of Destruction             Conjuration                  7
   g - Spellforged Servitor           Conjuration/Summoning        7
Comestibles
 f - 3 bread rations
 j - a royal jelly
 s - 2 fruits
 A - a meat ration


   Skills:
 - Level 2.6 Fighting
 - Level 4.7(7.2) Axes
 + Level 7.7(8.2) Maces & Flails
 - Level 3.2 Armour
 - Level 3.2 Shields


You had 6 spell levels left.
You didn't know any spells.

Dungeon Overview and Level Annotations

Branches:
Dungeon (4/15)             Temple (1/1) D:4

Altars:
Dithmenos
Fedhas
Kikubaaqudgha
Makhleb
Qazlal
Ru
Vehumet
Xom

Shops:
D:4 [

Annotations:
D:3 exclusions: oklob plant and 1 more exclusion


Innate Abilities, Weirdness & Mutations

You are resistant to damage.
You can recharge devices by infusing magical energy.
You passively map a small area around you.
You do not regenerate naturally.


Message History

You block the scorpion zombie's attack.
You barely miss the scorpion zombie. You hit the scorpion zombie.
You block the hobgoblin zombie's attack.
The scorpion zombie completely misses you.
You hit the hobgoblin zombie.
You block the hobgoblin zombie's attack.
The scorpion zombie hits you.
* * * LOW HITPOINT WARNING * * *
Your shield prevents you from hitting the hobgoblin zombie.
You hit the hobgoblin zombie.
You block the hobgoblin zombie's attack.
The scorpion zombie hits you.
You hit the hobgoblin zombie.
You destroy the hobgoblin zombie!
Makhleb accepts your kill. The scorpion zombie hits you.
* * * LOW HITPOINT WARNING * * *
You hit the scorpion zombie. The scorpion zombie hits you!
You die...

#.....#.....#...#...#...#
##'###########'#######'##
#.^.#...#...#...#...#..^#
#^..'...'^..#...8...'...#
#...#...#.^.#.......#^..#
##########'###8...8######
#?.M#...#...#.......#...#
#!.=#...8...#...8...#...#
#?!.#..Z@...#...#...#...#
##'###8...8###########'##
#.......#^^.^...#...#
..'...8...'....^.^†...#
...#...#...#...^.^.#...#
########################


You could see a scorpion zombie.

Vanquished Creatures
  A phantom (D:3)
  6 scorpions (Ossuary)
  2 centaur zombies (Ossuary)
  2 human zombies (Ossuary)
  Jessica (D:3)
  Natasha (twice) (D:3)
  3 big kobold zombies (Ossuary)
  3 mummies (Ossuary)
  Robin (D:3)
  4 adders
  4 gnolls
  A scorpion zombie (Ossuary)
  An ooze (D:1)
  3 worms (D:2)
  2 giant geckos
  4 orcs (D:3)
  A ball python (D:1)
  A gnoll zombie (Ossuary)
  4 hobgoblins
  3 jackals (D:2)
  9 kobolds
  4 quokkas
  6 bats
  5 giant cockroaches
  2 giant newts
  14 goblins
  A goblin zombie (Ossuary)
  2 hobgoblin zombies (Ossuary)
  4 orc zombies (Ossuary)
  7 rats
103 creatures vanquished.

Notes
Turn   | Place    | Note
--------------------------------------------------------------
     0 | D:1      | septik the Deep Dwarf Fighter began the quest for the Orb.
     0 | D:1      | Reached XP level 1. HP: 20/20 MP: 1/1
   273 | D:1      | Reached XP level 2. HP: 20/27 MP: 2/2
   629 | D:2      | Reached XP level 3. HP: 8/33 MP: 3/3
   646 | D:2      | Reached skill level 4 in Axes
  1265 | D:2      | Reached XP level 4. HP: 29/40 MP: 4/4
  1290 | D:2      | Found a faded altar to an unknown god.
  1406 | D:2      | Reached skill level 1 in Maces & Flails
  1433 | D:2      | HP: 1/40 [gnoll/spear (3)]
  1686 | D:3      | Noticed Natasha
  1698 | D:3      | Killed Natasha
  1720 | D:3      | Reached XP level 5. HP: 43/46 MP: 5/5
  1954 | D:3      | Noticed Natasha
  1981 | D:3      | Killed Natasha
  2011 | D:3      | Noticed Jessica
  2021 | D:3      | Killed Jessica
  2040 | D:3      | Noticed Robin
  2090 | D:3      | Killed Robin
  2129 | D:3      | Found a blossoming altar of Fedhas.
  2151 | D:3      | Noticed an oklob plant
  2182 | D:3      | Noticed a phantom
  2249 | D:3      | Killed a phantom
  2249 | D:3      | Reached XP level 6. HP: 32/55 MP: 6/6
  2530 | D:4      | Found a staircase to the Ecumenical Temple.
  2538 | Temple   | Entered the Ecumenical Temple
  2551 | Temple   | Became a worshipper of Makhleb the Destroyer
  2596 | D:4      | Found Rimowkig's Antique Armour Boutique.
  2612 | D:4      | Bought a glowing helmet for 126 gold pieces
  2685 | D:4      | Found a sand-covered staircase.
  2690 | Ossuary  | Entered an ossuary
  2731 | Ossuary  | Reached skill level 5 in Maces & Flails
  2979 | Ossuary  | Reached skill level 6 in Maces & Flails
  3098 | Ossuary  | Reached XP level 7. HP: 26/61 MP: 6/6
  3167 | Ossuary  | Reached skill level 7 in Maces & Flails
  3194 | Ossuary  | Reached * piety under Makhleb
  3293 | Ossuary  | Slain by a scorpion zombie

Action                   |  1- 3 |  4- 6 |  7- 9 || total
-------------------------+-------+-------+-------++-------
Melee: Spear             |    94 |       |       ||    94
       War axe           |    10 |       |       ||    10
       Broad axe         |    58 |       |       ||    58
       Whip              |       |   343 |   134 ||   477
Throw: Stone             |    10 |       |       ||    10
 Abil: Device Recharging |       |     1 |     1 ||     2
Evoke: Wand              |     2 |     5 |     1 ||     8
 Stab: Sleeping          |     1 |       |       ||     1
  Eat: Chunk             |     1 |     4 |       ||     5
       Meat ration       |       |     1 |       ||     1
       Fruit             |       |     2 |       ||     2
